AoeStats
← Full Random enjoyer

Arena

510039699Analyzed
4v4 RM · 4d ago on Sep 29, 2026· 45m 10s· 8 players
Game mode
Random Map
Map size
Large (8 player)
Population
200
Speed
Normal
Resources
Standard
Victory
Conquest
Starting age
Dark Age
Ending age
Imperial Age
RankedLock teamsTeams togetherTeam positionsShared explorationLock speedFull tech treeHidden civsTurbo modeCheats
Victory
Defeat
🇲🇽 Poles · Mexico
1107
+13
🇲🇽 Aztecs · Mexico
1104
+14
🇨🇳 Poles · China
1098
+14
🇹🇼 Spanish · Taiwan
959
+20
🇹🇼 Byzantines · Taiwan
1065
-16
🇫🇷 Turks · France
1059
-16
🇪🇨 Spanish · Ecuador
1044
-15
🇨🇴 Cumans · Colombia
1022
-14
francis le tueur
12:01 Feudal Age
14:35 Double-Bit Axe
14:32 Horse Collar
14:44 Gold Mining
17:07 Castle Age
22:24 Imperial Age
Captain10
9:58 Feudal Age
10:40 Double-Bit Axe
11:30 Horse Collar
Pato
12:47 Feudal Age
11:29 Loom
12:15 Loom
16:53 Castle Age
16:11 Double-Bit Axe
16:52 Gold Mining
16:49 Horse Collar
19:56 Bow Saw
24:15 Fletching
35:11 Fortified Wall
xi jinping
2:35 Loom
Full Random enjoyer
9:52 Feudal Age
13:51 Castle Age
12:59 Double-Bit Axe
13:40 Loom
15:13 Town Watch
16:20 Sanctity
17:57 Fervor
21:13 Redemption
26:17 Horse Collar
26:28 Gold Mining
26:31 Stone Mining
26:53 Bow Saw
29:06 Wheelbarrow
32:16 Imperial Age
30:44 Devotion
31:56 Fletching
32:06 Padded Archer Armor
33:05 Hand Cart
33:33 Stone Shaft Mining
33:33 Gold Shaft Mining
33:53 Theocracy
33:46 Illumination
32:45 Capped Ram
34:57 Block Printing
38:17 Siege Ram
39:21 Bodkin Arrow
39:41 Leather Archer Armor
38:48 Elite Skirmisher
39:52 Faith
39:33 Atonement
39:29 Herbal Medicine
39:45 Siege Engineers
40:43 Chemistry
lethcaro
10:21 Feudal Age
10:13 Loom
14:42 Castle Age
12:57 Stone Mining
13:26 Double-Bit Axe
14:01 Horse Collar
17:54 Bow Saw
24:20 Imperial Age
22:34 Fletching
23:23 Bodkin Arrow
28:40 Heavy Plow
29:32 Gold Mining
35:18 Wheelbarrow
34:29 Town Watch
36:12 Conscription
35:38 Elite Obuch
36:21 Scale Mail Armor
37:21 Hand Cart
37:06 Town Patrol
38:15 Chemistry
38:07 Treadmill Crane
38:51 Ballistics
39:31 Forging
39:37 Chain Mail Armor
40:02 Stone Shaft Mining
41:56 Iron Casting
41:57 Plate Mail Armor
44:40 Spies/Treason
承
4:52 Loom
9:35 Feudal Age
17:26 Castle Age
15:33 Double-Bit Axe
15:55 Horse Collar
16:44 Stone Mining
18:44 Bow Saw
18:57 Heavy Plow
23:23 Pikeman
27:40 Squires
32:17 Imperial Age
30:27 Scale Barding Armor
31:00 Forging
30:52 Scale Mail Armor
31:40 Wheelbarrow
30:51 Town Watch
32:32 Chain Barding Armor
32:57 Hand Cart
34:06 Town Patrol
33:37 Elite Conquistador
35:55 Two-Man Saw
35:54 Plate Barding Armor
36:24 Iron Casting
36:33 Chain Mail Armor
36:34 Husbandry
36:47 Bloodlines
35:57 Light Cavalry
37:16 Halberdier
39:01 Hussar
40:49 Blast Furnace
40:20 Plate Mail Armor
雪风
11:08 Feudal Age
12:46 Double-Bit Axe
14:50 Horse Collar
19:15 Castle Age
18:32 Forging
18:28 Scale Barding Armor
18:19 Stone Mining
18:23 Gold Mining
20:18 Bow Saw
21:31 Iron Casting
21:58 Chain Barding Armor
21:45 Loom
22:55 Bloodlines
22:29 Light Cavalry
23:40 Husbandry
25:20 Wheelbarrow
26:25 Stone Shaft Mining
27:30 Hand Cart
29:14 Heavy Plow
29:41 Szlachta Privileges
35:12 Imperial Age
33:39 Fletching
36:03 Bodkin Arrow
36:09 Treadmill Crane
36:24 Murder Holes
37:00 Conscription
36:11 Cavalier
36:25 Capped Ram
37:52 Masonry
39:48 Blast Furnace
39:33 Town Watch
40:36 Town Patrol
41:09 Spies/Treason
42:26 Hoardings
42:04 Siege Ram
43:50 Chemistry
43:11 Ballistics
43:39 Crop Rotation
44:46 Winged Hussar
Connection lost

Rejoining the realm…

Still unreachable

The connection could not be restored.

Session expired

The server has moved on; the page needs a fresh start.